 Dungeon Crawl Stone Soup version 0.22.1-2-g9c5b331 (webtiles) character file.

8534 shamaniam the Grappler (level 11, -2/107 HPs)
             Began as a Troll Fighter on Nov 24, 2018.
             Was a Believer of Ru.
             Impaled on a porcupine's spines (12 damage)
             ... on level 9 of the Dungeon.
             The game lasted 00:35:26 (8626 turns).

shamaniam the Grappler (Troll Fighter)              Turns: 8626, Time: 00:35:27

Health: -2/107     AC: 10    Str: 30    XL:     11   Next: 11%
Magic:  12/12      EV: 13    Int:  8    God:    Ru [**....]
Gold:   261        SH: 12    Dex: 16    Spells: 10/10 levels left

rFire    . . .     SeeInvis .     - Unarmed
rCold    . . .     Gourm    +   b - +1 shield
rNeg     . . .     Faith    .   z - +4 robe of Augmentation {Str+4 Int+4 Dex+4}
rPois    .         Spirit   .   (helmet restricted)
rElec    .         Reflect  .   s - +0 cloak
rCorr    .         Harm     .   (gloves unavailable)
MR       +....                  (boots unavailable)
Stlth    +.........             (no amulet)
HPRegen  0.67/turn              C - ring of protection from magic
MPRegen  0.13/turn              (no ring)

@: marked, drained
A: large, unfitting armour, claws 3, fast metabolism 3, gourmand, regeneration
1, shaggy fur 1, tough skin 2, hated by all, no hexes magic, no ice magic, no
summoning magic
a: Sacrifice Words, Sacrifice Experience, Sacrifice Skill, Reject Sacrifices,
Renounce Religion


You were on level 9 of the Dungeon.
You worshipped Ru.
Ru was pleased with you.
You were completely stuffed.

You visited 2 branches of the dungeon, and saw 11 of its levels.
You also visited: Ossuary.

You collected 531 gold pieces.
You spent 270 gold pieces at shops.

Inventory:

Missiles
 h - 16 poisoned needles
 n - 6 poisoned tomahawks (quivered)
 A - 2 needles of confusion
Armour
 a - a +0 robe
 b - a +1 shield (worn)
 s - a +0 cloak (worn)
 z - the +4 robe of Augmentation (worn) {Str+4 Int+4 Dex+4}
   (You found it on level 8 of the Dungeon)

   It affects your strength (+4).
   It affects your intelligence (+4).
   It affects your dexterity (+4).
 F - a scarf of spirit shield
Jewellery
 C - a ring of protection from magic (left claw)
Wands
 y - a wand of flame (28)
Scrolls
 g - 6 scrolls of remove curse
 i - 2 scrolls of magic mapping
 k - 2 scrolls of enchant weapon
 m - 5 scrolls of teleportation
 p - 2 scrolls of fog
 q - 3 scrolls of enchant armour
 w - a scroll of identify
 B - a scroll of fear
Potions
 d - 4 potions of might
 e - 2 potions of cancellation
 f - 5 potions of flight
 j - 3 potions of mutation
 l - 3 potions of heal wounds
 o - 2 potions of agility
 r - a potion of berserk rage
 t - a potion of magic
 u - 3 potions of lignification {unknown}
 v - a potion of haste
 x - 2 potions of invisibility
 D - a potion of resistance
 E - 2 potions of curing
Comestibles
 c - 18 rations
 G - 3 chunks of flesh


   Skills:
 + Level 6.8(6.6) Fighting
 + Level 6.8(6.6) Dodging
 + Level 6.7(6.6) Shields
 + Level 10.7(10.6) Unarmed Combat
 + Level 3.0(2.9) Evocations


You had 10 spell levels left.
You didn't know any spells.
Your spell library contained the following spells:

 Spells                   Type           Power        Failure   Level  Hunger
 Gell's Gravitas          Tloc           #.........   91%         3    ####...
 Petrify                  Tmut/Erth      #.......     100%        4    #####..
 Confusing Touch          Hex            Unusable     N/A         1    N/A
 Freeze                   Ice            Unusable     N/A         1    N/A
 Throw Frost              Conj/Ice       Unusable     N/A         2    N/A
 Confuse                  Hex            Unusable     N/A         3    N/A
 Ozocubu's Armour         Chrm/Ice       Unusable     N/A         3    N/A
 Summon Ice Beast         Ice/Summ       Unusable     N/A         4    N/A
 Throw Icicle             Conj/Ice       Unusable     N/A         4    N/A
 Metabolic Englaciation   Hex/Ice        Unusable     N/A         5    N/A
 Yara's Violent Unravell  Hex/Tmut       Unusable     N/A         5    N/A

Dungeon Overview and Level Annotations

Branches:
Dungeon (10/15)            Temple (1/1) D:5             Orc (0/2) D:9
   Lair: D:8-11

Altars:
Ashenzari
Cheibriados
Dithmenos
Elyvilon
Fedhas
Gozag
Hepliaklqana
Kikubaaqudgha
Makhleb
Nemelex Xobeh
Okawaru
Qazlal
Ru
Sif Muna
Trog
Uskayaw
Vehumet
Wu Jian
Xom
Yredelemnul
Zin
The Shining One

Shops:
D:6 (   D:9 !   D:10 %

Annotations:
D:9 3 runed doors


Innate Abilities, Weirdness & Mutations

You are too large for most types of armour.
You have claws for hands.
Your metabolism is lightning-fast.
You like to eat raw meat.
Your natural rate of healing is unusually fast.
You are covered in fur. (AC +1)
You have very tough skin. (AC +2)
You are hated by all.
You cannot study or cast Hexes magic.
You cannot study or cast Ice magic.
You cannot study or cast Summoning magic.


Message History

* * * LOW HITPOINT WARNING * * *
You miss the porcupine. The porcupine closely misses you.
You scratch the porcupine but do no damage.
The porcupine bites you.
* * * LOW HITPOINT WARNING * * *
You feel much better. You block the porcupine's attack.
You closely miss the porcupine. You block the porcupine's attack.
You claw the porcupine!
The porcupine is almost dead.
The porcupine twitches its whiskers.
You block the porcupine's attack.
You are struck by the porcupine's spines.
* * * LOW HITPOINT WARNING * * *
You barely miss the porcupine.
The porcupine is almost dead.
The porcupine bites you!
* * * LOW HITPOINT WARNING * * *
You focus your will and illuminate the porcupine in retribution!
You are struck by the porcupine's spines.
You die...

#......# ##.......####
#......# #..........#
#.....[# #..........#
#......# #.[........#
#......# ##.##......#
#......# #.##......#
#......# #)##......#
#.....r######.##......#
#.....@.....#.##.......
#.....#####.#.#########
#.....# #.#.# #.....#
#.#.# ####### #.#.#
#.#.# #.#.# #.#.#
#########.#.#


You could see a porcupine.

Vanquished Creatures
  Harold (D:10)
  A two-headed ogre (D:10)
  A gargoyle (D:10)
  A troll (D:10)
  A hippogriff (D:9)
  3 yaks (D:10)
  4 hogs (D:7)
  A hungry ghost (D:8)
  A human (D:7)
  A water moccasin (D:7)
  A porcupine (D:10)
  2 ice beasts
  2 sky beasts (D:8)
  2 orc warriors
  2 phantoms
  2 wolves (D:9)
  3 centaurs
  4 ogres
  A crocodile (D:10)
  7 bullfrogs
  The ghost of servayboy the Conjurer, an amateur DECj (D:3)
  A big kobold (D:9)
  8 scorpions
  A water moccasin skeleton (D:8)
  3 killer bees (D:7)
  4 wights (D:10)
  2 howler monkeys
  3 electric eels (D:8)
  6 crimson imps
  5 centaur zombies
  A quasit (D:7)
  3 hounds
  A jelly (D:8)
  6 orc priests
  4 bullfrog skeletons
  4 iguanas
  6 orc wizards
  9 worker ants
  2 big kobold zombies (Ossuary)
  2 hound skeletons (D:6)
  3 mummies (Ossuary)
  A worker ant zombie (D:9)
  3 gnolls (D:3)
  18 adders
  4 scorpion zombies (Ossuary)
  3 shadow imps
  A white imp (D:5)
  An ooze (D:2)
  An adder zombie (D:7)
  2 leopard geckos
  37 orcs
  4 giant cockroaches
  3 gnoll zombies (Ossuary)
  7 goblins
  4 hobgoblins
  10 jackals
  2 quokkas
  6 bats
  A frilled lizard (D:1)
  3 goblin zombies
  3 hobgoblin zombies
  13 kobolds
  A kobold skeleton (D:5)
  3 kobold zombies
  A leopard gecko skeleton (D:8)
  An orc skeleton (D:5)
  2 orc zombies (Ossuary)
  A quokka skeleton (D:6)
  A quokka zombie (D:6)
  5 rats
258 creatures vanquished.

Vanquished Creatures (others)
  Grum (D:9)
  A bush (D:10)
  A fungus (D:10)
  4 plants (D:10)
7 creatures vanquished.

Grand Total: 265 creatures vanquished

Notes
Turn   | Place    | Note
-------+----------+-------------------------------------------
     0 | D:1      | shamaniam the Troll Fighter began the quest for the Orb.
     0 | D:1      | Reached XP level 1. HP: 22/22 MP: 0/0
    93 | D:1      | Reached XP level 2. HP: 29/29 MP: 1/1
   504 | D:2      | Reached XP level 3. HP: 29/36 MP: 2/2
   603 | D:2      | Found a shimmering altar of Xom.
   904 | D:2      | Reached XP level 4. HP: 42/44 MP: 3/3
  1422 | D:3      | Reached skill level 3 in Unarmed Combat
  1484 | D:3      | Reached XP level 5. HP: 50/53 MP: 4/4
  1577 | D:3      | Found a runed door.
  1586 | D:3      | Noticed servayboy's ghost (amateur DECj)
  1896 | D:3      | Killed servayboy's ghost
  2643 | D:4      | Reached XP level 6. HP: 49/61 MP: 5/5
  2662 | D:4      | Reached skill level 4 in Unarmed Combat
  2751 | D:5      | Entered Level 5 of the Dungeon
  2902 | D:5      | Found a sand-covered staircase.
  2927 | Ossuary  | Entered an ossuary
  3161 | Ossuary  | Reached skill level 5 in Unarmed Combat
  3161 | Ossuary  | Reached XP level 7. HP: 59/67 MP: 6/6
  3336 | Ossuary  | Reached skill level 6 in Unarmed Combat
  3660 | D:5      | Paralysed by fainting for 8 turns
  3708 | D:5      | Found a shadowy altar of Dithmenos.
  3921 | D:5      | Reached XP level 8. HP: 71/78 MP: 7/7
  3926 | D:5      | Found a staircase to the Ecumenical Temple.
  3936 | Temple   | Entered the Ecumenical Temple
  4171 | D:5      | Found a glowing golden altar of the Shining One.
  4173 | D:5      | Reached skill level 7 in Unarmed Combat
  4251 | D:5      | Found a white marble altar of Elyvilon.
  4251 | D:5      | Found a sacrificial altar of Ru.
  4256 | D:5      | Found a snail-covered altar of Cheibriados.
  4259 | D:5      | Became a worshipper of Ru the Awakened
  4262 | D:5      | Found an opulent altar of Gozag.
  4264 | D:5      | Found an iron altar of Okawaru.
  4886 | D:6      | Found Zuiptaboe's Weapon Shop.
  5012 | D:6      | Reached skill level 8 in Unarmed Combat
  5032 | D:6      | Found a bloodstained altar of Trog.
  5106 | D:6      | Gained mutation: You are hated by all. [Ru sacrifice]
  5106 | D:6      | Reached * piety under Ru
  5344 | D:7      | Reached XP level 9. HP: 62/85 MP: 8/8
  6289 | D:7      | Reached skill level 5 in Fighting
  6289 | D:7      | Reached skill level 5 in Dodging
  6289 | D:7      | Reached skill level 5 in Shields
  6292 | D:7      | Reached skill level 9 in Unarmed Combat
  6984 | D:8      | Gained mutation: You cannot study or cast Ice magic. [Ru
                  | sacrifice]
  6984 | D:8      | Gained mutation: You cannot study or cast Hexes magic. [Ru
                  | sacrifice]
  6984 | D:8      | Gained mutation: You cannot study or cast Summoning magic.
                  | [Ru sacrifice]
  6984 | D:8      | Reached ** piety under Ru
  7216 | D:8      | Found the +4 robe of Augmentation {Str+4 Int+4 Dex+4}
  7250 | D:8      | Reached XP level 10. HP: 82/98 MP: 9/9
  7459 | D:9      | Reached skill level 10 in Unarmed Combat
  7651 | D:9      | Found a staircase to the Orcish Mines.
  7698 | D:9      | Noticed Grum
  7708 | D:9      | Killed Grum
  7708 | D:9      | Reached skill level 1 in Evocations
  7919 | D:9      | Found Nimuzoq's Distillery.
  7925 | D:9      | Bought a potion of resistance for 150 gold pieces
  7925 | D:9      | Bought a potion of curing for 45 gold pieces
  7925 | D:9      | Bought a potion of heal wounds for 75 gold pieces
  8061 | D:9      | Found a runed gate.
  8061 | D:9      | Found a runed gate.
  8062 | D:9      | Found a runed gate.
  8064 | D:9      | Noticed a brown ugly thing
  8064 | D:9      | Noticed a purple very ugly thing
  8064 | D:9      | Noticed a cyan ugly thing
  8064 | D:9      | Noticed a green ugly thing
  8065 | D:9      | Noticed a brown ugly thing
  8234 | D:10     | Entered Level 10 of the Dungeon
  8242 | D:10     | Noticed a gargoyle
  8254 | D:10     | Killed a gargoyle
  8268 | D:10     | Noticed a two-headed ogre
  8276 | D:10     | Killed a two-headed ogre
  8536 | D:10     | Found Pimec's Food Boutique.
  8541 | D:10     | Noticed Harold
  8557 | D:10     | Killed Harold
  8557 | D:10     | Reached XP level 11. HP: 107/107 MP: 10/12
  8621 | D:9      | HP: 2/107 [porcupine (6)]
  8626 | D:9      | Impaled on a porcupine's spines

Skill      XL: |  1  2  3  4  5  6  7  8  9 10 11 |
---------------+----------------------------------+-----
Dodging        | 3 4 5 6 |  6.8
Shields        | 3 4 5 6 |  6.7
Fighting       | 3 4 5 6 |  6.8
Unarmed Combat | 3 5 6 8 9 10 | 10.7
Evocations     | 2 3 |  3.0

Action                   |  1- 3 |  4- 6 |  7- 9 | 10-12 || total
-------------------------+-------+-------+-------+-------++-------
Melee: Unarmed           |    96 |   178 |   379 |   212 ||   865
Throw: Tomahawk          |       |     1 |       |     2 ||     3
Invok: Sacrifice Love    |       |       |     1 |       ||     1
       Sacrifice Arcana  |       |       |     1 |       ||     1
Evoke: Wand              |       |       |     5 |       ||     5
  Use: Scroll            |       |     4 |    18 |       ||    22
       Potion            |       |       |     1 |     1 ||     2
 Stab: Sleeping          |       |       |     1 |       ||     1
       Distracted        |       |       |       |     1 ||     1
       Invisible         |       |       |       |     2 ||     2
  Eat: Chunk             |    14 |    11 |    39 |    14 ||    78
       Ration            |       |       |     3 |       ||     3
Armor: Robe              |    22 |    47 |    57 |    33 ||   159
Dodge: Dodged            |    27 |    47 |    97 |    45 ||   216
Block: Shield            |    31 |    79 |   165 |    95 ||   370
